 Dungeon Crawl Stone Soup version 0.22-a0-412-g2b68d14 (webtiles) character file.

2331 nikopol the Cleaver (level 9, -2/118 HPs)
             Began as a Minotaur Berserker on May 12, 2018.
             Was an Elder of Trog.
             Slain by a jelly (3 damage)
             ... on level 6 of the Dungeon.
             The game lasted 00:14:24 (5924 turns).

nikopol the Cleaver (Minotaur Berserker)            Turns: 5924, Time: 00:14:25

Health: -2/118     AC: -5    Str: 27    XL:     9   Next: 19%
Magic:  8/8        EV: 13    Int:  4    God:    Trog [****..]
Gold:   309        SH:  0    Dex: 13    Spells: 8/8 levels left

rFire    . . .     SeeInvis .   a - +0 hand axe
rCold    . . .     Gourm    .   (no shield)
rNeg     . . .     Faith    .   A - +0 scale mail
rPois    .         Spirit   .   (helmet restricted)
rElec    .         Reflect  .   (no cloak)
rCorr    .         Harm     .   (no gloves)
MR       .....     Rnd*Tele +   e - +1 pair of boots
Stlth    ..........             (no amulet)
HPRegen  0.29/turn              (no ring)
MPRegen  0.11/turn              v - ring of teleportation (curse)

@: berserking, corroded, starving, very quick
A: retaliatory headbutt, horns 2
a: Berserk, Trog's Hand, Brothers in Arms, Renounce Religion


You were on level 6 of the Dungeon.
You worshipped Trog.
Trog was greatly pleased with you.
You were starving.

You visited 1 branch of the dungeon, and saw 6 of its levels.

You collected 309 gold pieces.

Inventory:

Hand Weapons
 a - a +0 hand axe (weapon)
 z - a +0 shortbow
Missiles
 y - 96 arrows
Armour
 e - a +1 pair of boots (worn)
 A - a +0 scale mail (worn)
Jewellery
 n - an uncursed ring of protection from cold
 v - a cursed ring of teleportation (right hand)
Wands
 f - a wand of digging (12)
 s - a wand of acid (10)
Scrolls
 d - a scroll of identify
 g - 2 scrolls of teleportation
 h - 2 scrolls of immolation
 i - a scroll of random uselessness {unknown}
 j - a scroll of blinking {unknown}
 m - 2 scrolls of remove curse
 q - 2 scrolls of enchant armour {unknown}
 t - a scroll of noise {unknown}
 u - a scroll of fog {unknown}
 C - a scroll of enchant weapon {unknown}
 F - a scroll of fear {unknown}
Potions
 k - 2 potions of curing
 l - a potion of invisibility
 o - 2 potions of might {unknown}
 p - 4 potions of cancellation
 r - a potion of heal wounds
 x - a potion of berserk rage
 B - a potion of agility
 D - a potion of flight
 E - a potion of degeneration {unknown}
Comestibles
 c - 11 rations


   Skills:
 + Level 7.6 Fighting
 + Level 9.7 Axes
 + Level 3.0 Bows
 + Level 7.3 Armour
 + Level 5.0 Dodging
 + Level 1.1 Stealth


You had 8 spell levels left.
You didn't know any spells.
Your spell library was empty.

Dungeon Overview and Level Annotations

Branches:
Dungeon (6/15)             Temple (0/1) D:6

Altars:
Ashenzari
Cheibriados
Fedhas
Hepliaklqana
Okawaru
Sif Muna
Trog
Uskayaw
Wu Jian


Innate Abilities, Weirdness & Mutations

You reflexively headbutt those who attack you in melee.
You have a pair of horns on your head.


Message History

Okay, then.
You feel much better. The jelly hits you. The acid corrodes you!
You are splashed with acid!
The acid burns!
* * * LOW HITPOINT WARNING * * *
A red film seems to cover your vision as you go berserk!
You feel yourself moving faster!
You feel mighty!
You are starving!
You hit the jelly but do no damage.
Your hands burn!
* * * LOW HITPOINT WARNING * * *
You headbutt the jelly, but do no damage.
The jelly is almost dead.
The jelly hits you.
* * * LOW HITPOINT WARNING * * *
You are splashed with acid!
The acid burns!
* * * LOW HITPOINT WARNING * * *
You hit the jelly but do no damage. The acid corrodes you!
Your hands burn!
* * * LOW HITPOINT WARNING * * *
The jelly is almost dead.
The jelly hits you.
You die...

#.###'###...........# #
##.# #.# #.#........># #
#..###.###...........# #
#....................# #
#.#.#...####.........# #
#....#### #######.### #
# ######### #.## # #
#######.## #..# # #
#####....#.#@# #..#####
# #.##..(..#.#J#
#....... ##
##.'......#'#.# #..#####
.###..'........#.# #..#
..##..'..).....#)# #).#
......##.()....#.# #[)#
...<..###()....##((.P..P
#..# ......# ########
#(..... ##.# ..#####
###### #.#####


You could see a jelly.

Vanquished Creatures
  Grinder (D:4)
  The ghost of emperorscorpion the Chopper, an amateur GrBe of Trog (D:4)
  Sigmund (D:3)
  Eustachio (D:6)
  Edmund (D:4)
  A black bear (D:6)
  A phantom (D:6)
  A centaur (D:5)
  An ogre (D:6)
  Blork the orc (D:5)
  A big kobold (D:6)
  4 bullfrogs (D:6)
  A wyvern skeleton (D:6)
  A howler monkey (D:6)
  2 bullfrog zombies (D:6)
  2 orc wizards
  2 hounds
  4 jellies
  3 orc priests
  An iguana (D:6)
  2 worker ants (D:4)
  A hound skeleton (D:5)
  5 gnolls
  9 adders
  2 oozes
  3 dart slugs (D:1)
  6 leopard geckos
  17 orcs
  8 bats
  4 giant cockroaches
  6 goblins
  5 hobgoblins
  18 jackals
  13 kobolds
  3 quokkas (D:2)
  2 frilled lizards
  A leopard gecko skeleton (D:4)
  A quokka skeleton (D:6)
  4 rats
141 creatures vanquished.

Vanquished Creatures (others)
  4 fungi (D:6)
  9 toadstools (D:6)
13 creatures vanquished.

Grand Total: 154 creatures vanquished

Notes
Turn   | Place    | Note
-------+----------+-------------------------------------------
     0 | D:1      | nikopol the Minotaur Berserker began the quest for the Orb.
     0 | D:1      | Reached XP level 1. HP: 19/19 MP: 0/0
   287 | D:1      | Reached XP level 2. HP: 27/27 MP: 1/1
   317 | D:1      | Reached skill level 4 in Axes
   613 | D:1      | Reached XP level 3. HP: 33/33 MP: 2/2
   768 | D:1      | Reached ** piety under Trog
  1027 | D:2      | Found a hazy altar of Hepliaklqana.
  1027 | D:2      | Found an iron altar of Okawaru.
  1101 | D:2      | Found a snail-covered altar of Cheibriados.
  1140 | D:2      | Reached XP level 4. HP: 35/41 MP: 3/3
  1510 | D:3      | Reached skill level 5 in Axes
  1569 | D:3      | Reached XP level 5. HP: 11/47 MP: 4/4
  1822 | D:3      | Noticed Sigmund
  1831 | D:3      | Killed Sigmund
  1831 | D:3      | Reached skill level 5 in Fighting
  1831 | D:3      | Reached XP level 6. HP: 40/56 MP: 5/5
  1834 | D:3      | Reached skill level 6 in Axes
  2039 | D:3      | Reached *** piety under Trog
  2338 | D:4      | Reached XP level 7. HP: 28/61 MP: 6/6
  2606 | D:4      | Noticed Grinder
  2624 | D:4      | Killed Grinder
  2624 | D:4      | Reached skill level 7 in Axes
  2624 | D:4      | Reached skill level 5 in Armour
  2628 | D:4      | Noticed emperorscorpion's ghost (amateur GrBe)
  3078 | D:4      | Found a shattered altar of Ashenzari.
  3140 | D:4      | Killed emperorscorpion's ghost
  3409 | D:4      | Found an ornate altar of the Wu Jian Council.
  3553 | D:4      | Noticed Edmund
  3565 | D:4      | Killed Edmund
  3565 | D:4      | Reached skill level 8 in Axes
  3565 | D:4      | Reached XP level 8. HP: 63/70 MP: 7/7
  3899 | D:4      | Found a blossoming altar of Fedhas.
  3918 | D:4      | Found a bloodstained altar of Trog.
  3993 | D:5      | Entered Level 5 of the Dungeon
  4201 | D:5      | Noticed Blork the orc
  4214 | D:5      | Killed Blork the orc
  4990 | D:6      | Got a transparent long sword
  4991 | D:6      | Lost intelligence.
  4991 | D:6      | Identified the +9 long sword of the Assorted Allies {slice, *Noise +Inv Int-4 Dex+8} (You found it on level 6 of the Dungeon)
  5076 | D:6      | Reached skill level 1 in Stealth
  5258 | D:6      | Found a staircase to the Ecumenical Temple.
  5263 | D:6      | Reached skill level 9 in Axes
  5263 | D:6      | Reached skill level 1 in Bows
  5396 | D:6      | Found a hide-covered altar of Uskayaw.
  5411 | D:6      | Reached **** piety under Trog
  5415 | D:6      | Noticed Eustachio
  5441 | D:6      | Killed Eustachio
  5490 | D:6      | Reached XP level 9. HP: 75/79 MP: 8/8
  5520 | D:6      | Reached skill level 5 in Dodging
  5714 | D:6      | Found a deep blue altar of Sif Muna.
  5919 | D:6      | HP: 1/79 [acid (9)]
  5924 | D:6      | HP: 1/118 [acid (5)]
  5924 | D:6      | Slain by a jelly

Vault maps used:
D:1:      minmay_arrival_widening_spiral_wide, minmay_distorted
D:2:      cheibriados_altar_1, grunt_temple_overflow_open
D:3:      uniq_sigmund
D:4:      kennysheep_mini_moat, nicolae_overflow_crystal_walls,
          lightli_temple_of_fire, lemuel_coloured_pillars_altar, uniq_edmund,
          uniq_grinder
D:5:      first_ration, uniq_blork_the_orc
D:6:      cheibrodos_fertilizer, lemuel_doored_altar, led_sif_pool, temple_hall,
          uniq_eustachio

Skill      XL: |  1  2  3  4  5  6  7  8  9 |
---------------+----------------------------+-----
Axes           | 4 5 6 8 9 |  9.7
Fighting       | 4 5 6 7 |  7.6
Armour         | 3 4 6 7 |  7.3
Dodging        | 3 4 5 |  5.0
Stealth        | 1 |  1.1
Bows           | 2 3 |  3.0

Action                   |  1- 3 |  4- 6 |  7- 9 || total
-------------------------+-------+-------+-------++-------
Melee: Hand axe          |    71 |    96 |   187 ||   354
       Headbutt          |    11 |    22 |    34 ||    67
 Fire: Shortbow          |       |       |    52 ||    52
Invok: Berserk           |       |     1 |     5 ||     6
  Use: Scroll            |       |       |    11 ||    11
       Potion            |       |       |     1 ||     1
  Eat: Chunk             |     1 |     4 |    11 ||    16
       Ration            |       |       |     1 ||     1
Armor: Ring mail         |    34 |    37 |    15 ||    86
       Scale mail        |       |       |    64 ||    64
Dodge: Dodged            |    48 |    59 |   119 ||   226

Table legend:
 A = Spawn XP
 B = Non-spawn XP
 C = Spawn XP percentage of total XP
 D = Spawn monster count
 E = Non-spawn monster count
 F = Spawn count percentage of total count
 G = Total turns spent on level
                    A         B        C        D         E        F      G
               +---------+---------+-------+---------+---------+-------+---------
         Total |       0 |    3330 |   0.0 |       0 |     141 |   0.0 |  5924
               +---------+---------+-------+---------+---------+-------+---------
           D:1 |       0 |      65 |   0.0 |       0 |      28 |   0.0 |  1027
           D:2 |       0 |      54 |   0.0 |       0 |      20 |   0.0 |   446
           D:3 |       0 |     494 |   0.0 |       0 |      28 |   0.0 |  1424
           D:4 |       0 |     963 |   0.0 |       0 |      22 |   0.0 |  1096
           D:5 |       0 |     246 |   0.0 |       0 |       8 |   0.0 |   948
           D:6 |       0 |    1508 |   0.0 |       0 |      35 |   0.0 |   983
               +---------+---------+-------+---------+---------+-------+---------
